 Dungeon Crawl Stone Soup version 0.32-a0-630-g46d191b0ed (webtiles) character file.

Game seed: 18445918367034063953

8813 gimp the Carver (level 11, -2/63 HPs)
             Began as a Tengu Warper on Mar 6, 2024.
             Was a High Priest of Okawaru.
             Slain by a vampire mosquito (10 damage)
             ... on level 10 of the Dungeon.
             The game lasted 00:16:14 (11051 turns).

gimp the Carver (Tengu Warper)                     Turns: 11051, Time: 00:16:14

Health: -2/63      AC:  6    Str: 11    XL:     11   Next: 36%
Magic:  17/28      EV: 18    Int: 14    God:    Okawaru [*****.]
Gold:   687        SH:  0    Dex: 18    Spells: 10/20 levels left

rFire   . . .        a - +4 scimitar (flame)
rCold   + . .        (no shield)
rNeg    . . .        I - +0 acid dragon scales
rPois   .            (helmet restricted)
rElec   .            (no cloak)
rCorr   +            (no gloves)
SInv    .            (boots unavailable)
Will    .....        (no amulet)
Stlth   +            l - ring of protection from cold
HPRegen 0.30/turn    z - ring of magical power
MPRegen 0.21/turn

%: acrobat
@: flying, very slightly contaminated, hasted, studying Throwing, very quick
A: beak, talons 3, evasive flight, acrobatic
a: Renounce Religion, Heroism, Finesse, Duel


You were on level 10 of the Dungeon.
You worshipped Okawaru.
Okawaru was extremely pleased with you.
You visited 2 branches of the dungeon, and saw 11 of its levels.

You collected 687 gold pieces.

Inventory:

Hand Weapons
 a - a +4 scimitar of flaming (weapon)
 b - a +0 long sword
 F - a +0 falchion
Missiles
 d - 5 darts of dispersal
 e - 34 poisoned darts
 A - a throwing net
 E - 3 atropa-tipped darts
Armour
 h - a +0 buckler
 x - a scarf of harm
 I - +0 acid dragon scales (worn)
Jewellery
 g - an amulet of faith
 l - a ring of protection from cold (left hand)
 o - a ring of resist corrosion
 r - an amulet of magic regeneration
 z - a ring of magical power (right hand)
Wands
 k - a wand of flame (12)
 u - a wand of charming (3)
 w - a wand of polymorph (10)
 y - a wand of iceblast (6)
 D - a wand of light (5)
Scrolls
 c - a scroll of blinking
 f - 4 scrolls of enchant armour {unknown}
 n - 3 scrolls of fog {unknown}
 q - 2 scrolls of enchant weapon {unknown}
 s - 3 scrolls of silence {unknown}
 t - 4 scrolls of revelation
 v - 2 scrolls of teleportation {unknown}
 C - a scroll of torment {unknown}
 G - a scroll of poison {unknown}
 J - a scroll of fear
 K - 3 scrolls of identify
Potions
 i - 2 potions of haste
 j - 2 potions of magic
 m - a potion of mutation
 p - 3 potions of curing
 B - a potion of enlightenment
 H - a potion of might


   Skills:
 - Level 5.0 Fighting
 * Level 13.4 Long Blades
 - Level 1.0 Throwing
 - Level 1.1 Armour
 + Level 6.1 Dodging
 + Level 5.1 Spellcasting
 + Level 7.8 Translocations


You had 10 spell levels left.
You knew the following spells:

 Your Spells              Type           Power      Damage    Failure   Level
a - Manifold Assault      Tloc           25%        N/A       11%         4
b - Teleport Other        Tloc           25%        N/A       3%          3
c - Blink                 Tloc           50%        N/A       1%          2
d - Apportation           Tloc           50%        N/A       1%          1

Your spell library contained the following spells:

 Spells                   Type           Power      Damage    Failure   Level
 Lesser Beckoning         Tloc           50%        N/A       1%          2
 Sting                    Conj/Alch      12%        1d3       26%         1
 Ensorcelled Hibernation  Hex/Ice        6%         N/A       38%         2
 Jinxbite                 Hex            6%         N/A       38%         2
 Mercury Vapours          Alch/Air       6%         N/A       38%         2
 Static Discharge         Conj/Air       6%         3-4/arc   38%         2
 Vhi's Electric Charge    Tloc/Air       28%        N/A       47%         4
 Passwall                 Erth           3%         N/A       63%         3
 Swiftness                Air            3%         N/A       63%         3
 Airstrike                Air            1%         2d(1-17)  95%         4
 Olgreb's Toxic Radiance  Alch           3%         N/A       95%         4
 Alistair's Intoxication  Alch           2%         N/A       100%        5
 Summon Lightning Spire   Summ/Air       Unusable   N/A       N/A         4

Dungeon Overview and Level Annotations

Branches:
Dungeon (10/15)            Temple (1/1) D:6            Lair (0/5) D:9
    Orc: D:9-12

Altars:
Ashenzari
Cheibriados
Dithmenos
Elyvilon
Fedhas
Gozag
Hepliaklqana
Kikubaaqudgha
Makhleb
Nemelex Xobeh
Okawaru
Qazlal
Ru
Sif Muna
Trog
Uskayaw
Vehumet
Wu Jian
Xom
Yredelemnul
Zin
The Shining One
Lugonu

Shops:
D:5 =

Annotations:
D:1 1 transporter
D:3 Edmund
D:6 1 runed translucent door, exclusion: door, lotum's ghost, novice CoHu


Innate Abilities, Weirdness & Mutations

You have a beak for a mouth.
You have claws for feet.
Your magical flight helps you evade attacks. (EV +4)
You can magically evade attacks while moving or waiting.


Message History

You take 4 damage, and have 51/63 hp.
Things that are here:
+0 steam dragon scales; a steam dragon corpse A vampire mosquito comes into view.
The vampire mosquito bites you!
The vampire mosquito draws strength from your injuries!
A vampire mosquito comes into view.
The vampire mosquito closely misses you.
You take 10 damage, and have 41/63 hp.
The vampire mosquito buzzes angrily.
You hit the vampire mosquito but do no damage.
You claw the vampire mosquito. Your peck misses the vampire mosquito.
The vampire mosquito is lightly damaged.
A vampire mosquito comes into view.
You closely miss the vampire mosquito. Your kick misses the vampire mosquito.
The vampire mosquito is lightly damaged.
The vampire mosquito bites you but does no damage.
The vampire mosquito closely misses you.
The vampire mosquito bites you!
The vampire mosquito draws strength from your injuries!
You take 8 damage, and have 33/63 hp.
You slash the vampire mosquito! You burn the vampire mosquito.
Your kick misses the vampire mosquito.
The vampire mosquito is heavily damaged.
The vampire mosquito closely misses you.
The vampire mosquito misses you.
The vampire mosquito closely misses you.
You closely miss the vampire mosquito. Your kick misses the vampire mosquito.
The vampire mosquito is heavily damaged.
The vampire mosquito bites you.
The vampire mosquito draws strength from your injuries!
The vampire mosquito completely misses you.
The vampire mosquito bites you.
The vampire mosquito draws strength from your injuries!
You take 9 damage, and have 24/63 hp.
Casting: Manifold Assault (dangerous; 11% risk of failure)
Confirm with . or Enter, or press ? or * to list all spells.
You miscast Manifold Assault.
You are very lightly contaminated with residual magic.
Space twists in upon itself.
You are magically locked in place.
The vampire mosquito bites you.
The vampire mosquito draws strength from your injuries!
The vampire mosquito barely misses you.
The vampire mosquito completely misses you.
You take 4 damage, and have 20/63 hp.
You now have 24/28 mp.
Casting: Manifold Assault (dangerous; 11% risk of failure)
Confirm with . or Enter, or press ? or * to list all spells.
Space momentarily warps into an impossible shape!
You slice the vampire mosquito!! You burn the vampire mosquito!
You destroy the vampire mosquito!
Okawaru accepts your kill.
You can now enter into single combat with a foe.
Okawaru will now gift you throwing weapons as you gain piety.
You miss the vampire mosquito. The vampire mosquito barely misses you.
The vampire mosquito bites you but does no damage.
The vampire mosquito closely misses you.
The vampire mosquito bites you!
* * * LOW HITPOINT WARNING * * *
The vampire mosquito draws strength from your injuries!
You take 8 damage, and have 12/63 hp.
You now have 20/28 mp.
Casting: Manifold Assault (dangerous; 11% risk of failure)
Confirm with . or Enter, or press ? or * to list all spells.
Space momentarily warps into an impossible shape!
You slash the vampire mosquito! You burn the vampire mosquito.
You barely miss the vampire mosquito. You miss the vampire mosquito.
The vampire mosquito barely misses you. The vampire mosquito bites you.
* * * LOW HITPOINT WARNING * * *
The vampire mosquito draws strength from your injuries!
You now have 16/28 mp.
Okay, then.
Okay, then.
Press: ? - help, v - describe, . - travel
Here: a vampire mosquito (heavily damaged)
The floor.
Okay, then.
Okay, then.
Okay, then.
Unknown command.
Okay, then.
Okay, then.
Unknown command.
Okay, then.
Okay, then.
You cannot move.
Unknown command.
Unknown command.
Okay, then.
You feel yourself speed up.
You are no longer firmly anchored in space.
You are no longer robbed of momentum.
The vampire mosquito completely misses you.
The vampire mosquito bites you!
* * * LOW HITPOINT WARNING * * *
The vampire mosquito draws strength from your injuries!
The vampire mosquito bites you but does no damage.
The vampire mosquito misses you.
You take 10 damage, and have 2/63 hp.
You feel better. The vampire mosquito barely misses you.
The vampire mosquito bites you!
You die...

P~~~ ..≈~ ≈≈≈~.
.+# ≈≈≈≈~ #.#
≈≈≈~~. #.#
~≈~≈.y###.##
#..yyy...##
##.###@....#
........[..##
###.#####..#######
#.#####.........
.........#######
#######.## #.# #.#
#.#


You could see 4 vampire mosquitoes.

Vanquished Creatures
  Erica (D:8)
  A two-headed ogre (D:9)
  Maggie (D:9)
  2 komodo dragons
  2 trolls
  A wyvern (D:10)
  7 yaks
  2 steam dragons
  5 vampire mosquitoes (D:10)
  An acid dragon (D:9)
  3 water moccasins
  3 ice beasts
  An orc warrior (D:8)
  A sky beast (D:7)
  3 black bears
  2 ogres
  7 centaurs
  A phantom (D:5)
  3 kobold brigands
  4 bullfrogs
  6 scorpions
  8 wights
  5 killer bees (D:10)
  5 howler monkeys
  A bombardier beetle (D:4)
  A bullfrog zombie (D:6)
  2 jellies
  2 orc priests (D:8)
  A gnoll bouda (D:6)
  Jessica (D:3)
  3 iguanas
  7 orc wizards
  A howler monkey zombie (D:6)
  18 gnolls
  4 adders
  A white imp (D:8)
  2 ufetubi (D:5)
  4 ribbon worms
  25 orcs
  5 bats
  2 endoplasms (D:2)
  4 giant cockroaches
  5 goblins
  7 hobgoblins
  3 jackals (D:1)
  4 quokkas
  10 ball pythons
  4 frilled lizards
  15 kobolds
  10 rats
217 creatures vanquished.

Notes
Turn   | Place    | Note
-------+----------+-------------------------------------------
     0 | D:1      | gimp the Tengu Warper began the quest for the Orb.
     0 | D:1      | Reached XP level 1. HP: 12/12 MP: 4/4
   249 | D:1      | Reached XP level 2. HP: 17/17 MP: 6/6
   388 | D:1      | Reached skill level 3 in Long Blades
   490 | D:1      | Reached XP level 3. HP: 20/22 MP: 7/7
  1386 | D:2      | Reached XP level 4. HP: 27/27 MP: 8/8
  1539 | D:3      | Noticed a scorpion
  1559 | D:3      | Killed a scorpion
  1560 | D:3      | Reached skill level 4 in Long Blades
  1560 | D:3      | Reached XP level 5. HP: 14/32 MP: 9/9
  1570 | D:2      | Learned a level 4 spell: Manifold Assault
  1574 | D:2      | Learned a level 3 spell: Teleport Other
  1706 | D:3      | Noticed a black bear
  1716 | D:3      | Killed a black bear
  1931 | D:3      | Noticed Jessica
  1938 | D:3      | Killed Jessica
  1939 | D:3      | Reached skill level 5 in Long Blades
  1939 | D:3      | Reached XP level 6. HP: 37/37 MP: 10/10
  2186 | D:3      | Found a white marble altar of Elyvilon.
  2439 | D:3      | Found a hazy altar of Hepliaklqana.
  2665 | D:4      | Found an ancient bone altar of Kikubaaqudgha.
  2787 | D:4      | Gained mutation: Your magical flight helps you evade
                  | attacks. (EV +4) [Tengu growth]
  2787 | D:4      | Reached XP level 7. HP: 39/42 MP: 11/11
  2789 | D:4      | Noticed Edmund
  2906 | D:4      | Reached skill level 6 in Long Blades
  3854 | D:5      | Entered Level 5 of the Dungeon
  3854 | D:5      | Found Buiciko's Jewellery Emporium.
  3990 | D:5      | Found a shimmering blue altar of Sif Muna.
  4050 | D:5      | Reached skill level 7 in Long Blades
  4050 | D:5      | Reached XP level 8. HP: 31/48 MP: 12/12
  4367 | D:5      | Found a sparkling altar of Nemelex Xobeh.
  4746 | D:5      | Learned a level 2 spell: Blink
  4748 | D:5      | Learned a level 1 spell: Apportation
  4862 | D:6      | Reached skill level 5 in Fighting
  4948 | D:6      | Reached skill level 8 in Long Blades
  4955 | D:6      | Reached skill level 5 in Translocations
  5162 | D:6      | Found a staircase to the Ecumenical Temple.
  5180 | Temple   | Entered the Ecumenical Temple
  5245 | Temple   | Became a worshipper of Warmaster Okawaru
  5284 | D:6      | Found a runed translucent door.
  5290 | D:6      | Noticed lotum's ghost (novice CoHu)
  5515 | D:6      | Reached skill level 9 in Long Blades
  5652 | D:6      | Reached XP level 9. HP: 13/54 MP: 13/13
  6243 | D:6      | Found a basalt altar of Yredelemnul.
  6343 | D:7      | Reached * piety under Okawaru
  6506 | D:7      | Reached skill level 10 in Long Blades
  7356 | D:7      | Found a glowing golden altar of the Shining One.
  7812 | D:8      | Reached ** piety under Okawaru
  7813 | D:8      | Reached skill level 11 in Long Blades
  7909 | D:8      | Noticed Erica
  7923 | D:8      | Killed Erica
  7924 | D:8      | Reached XP level 10. HP: 43/59 MP: 15/15
  8627 | D:8      | Found a stormy altar of Qazlal.
  8935 | D:9      | Reached *** piety under Okawaru
  9005 | D:9      | Reached skill level 12 in Long Blades
  9222 | D:9      | Noticed Maggie
  9223 | D:9      | Noticed a two-headed ogre
  9605 | D:9      | Found a broken altar of Ashenzari.
  9608 | D:9      | Found a radiant altar of Vehumet.
  9608 | D:9      | Found an ornate altar of the Wu Jian Council.
  9653 | D:8      | Reached skill level 5 in Dodging
  9904 | D:9      | Reached **** piety under Okawaru
  9960 | D:9      | Killed Maggie
 10101 | D:9      | Found a sacrificial altar of Ru.
 10165 | D:9      | Killed a two-headed ogre
 10166 | D:9      | Reached skill level 13 in Long Blades
 10166 | D:9      | Reached XP level 11. HP: 22/63 MP: 19/19
 10496 | D:9      | Found a staircase to the Lair.
 10599 | D:10     | Entered Level 10 of the Dungeon
 10668 | D:10     | Reached skill level 5 in Spellcasting
 10761 | D:10     | Found a snail-covered altar of Cheibriados.
 11048 | D:10     | Reached ***** piety under Okawaru
 11050 | D:10     | HP: 2/63 [vampire mosquito (10)]
 11051 | D:10     | Slain by a vampire mosquito

Illustrated notes

Levels and vault maps discovered:
D:1:      spicycebolla_arrival_risky_transporter, layout_loops_ring,
          chequers_serial_rivers_small_3
D:2:      layout_basic, amcnicky_mini_rare_corridor_liquid, minmay_tromino_v7
D:3:      layout_basic, nzn_hepliaklqana_mist_gate, old_standard_altar,
          minmay_gold_behind_fungi, uniq_jessica
D:4:      layout_basic, kiku_gazebo_garden_becter, uniq_edmund
D:5:      layout_gridville, mainiacjoe_overflow_six_doors_small,
          lemuel_doored_altar, serial_shops, nicolae_stop_n_shop_1
D:6:      layout_rooms, lemuel_zombie_altar_yredelemnul,
          minmay_temple_entry_hall, gammafunk_ghost_grave, minmay_manual_mares
D:7:      layout_basic, mainiacjoe_overflow_chevrons, st_stairs_14
D:8:      layout_cave_pools, mainiacjoe_overflow_paths,
          nicolae_twisty_statue_hallways, uniq_erica
D:9:      layout_rooms, nicolae_ru_sacrificial_ziggurat,
          chequers_temple_overflow_statue_of_worship,
          grunt_lair_entry_orc_guard_hut, uniq_maggie
D:10:     layout_loops_corners, lemuel_round_altar, gammafunk_ghost_smash,
          enter_trove_0, pond
Temple:   corrupted_temple

Skill      XL: |  1  2  3  4  5  6  7  8  9 10 11 |
---------------+----------------------------------+-----
Long Blades    | 3 4 5 7 9 11 13 | 13.4
Fighting       | 3 4 5 |  5.0
Translocations | 3 4 5 6 7 |  7.8
Dodging        | 3 5 6 |  6.1
Spellcasting   | 3 4 5 |  5.1
Throwing       | |  1.0
Armour         | |  1.1

Action                     |  1- 3 |  4- 6 |  7- 9 | 10-12 || total
---------------------------+-------+-------+-------+-------++-------
  Melee: Falchion          |    85 |    78 |   301 |     3 ||   467
         Kick              |    23 |    32 |   133 |    65 ||   253
         Peck              |     9 |    13 |    75 |    40 ||   137
         Long sword        |       |       |    65 |     8 ||    73
         Scimitar          |       |       |       |   206 ||   206
  Throw: Dart              |       |     6 |     4 |     3 ||    13
   Cast: Manifold Assault  |       |       |       |     4 ||     4
 Invoke: Heroism           |       |       |     1 |     2 ||     3
  Evoke: Wand              |       |       |     4 |       ||     4
    Use: Scroll            |       |       |     5 |     5 ||    10
         Potion            |       |       |     3 |     3 ||     6
   Stab: Sleeping          |     1 |       |     1 |       ||     2
         Invisible         |       |       |     1 |       ||     1
 Armour: Leather armour    |    38 |    33 |   161 |    65 ||   297
         Acid dragon scale |       |       |       |    39 ||    39
  Dodge: Dodged            |    62 |    52 |   290 |   175 ||   579

Table legend: (Time is in decaauts)
 A = Elapsed time spent in this place.
 B = Non-inter-level travel time spent in this place.
 C = Inter-level travel time spent in this place.
 D = Time resting spent in this place.
 E = Time spent auto-exploring this place.
 F = Levels seen in this place.
 G = Mean time per level.
                   A        B        C        D        E       F      G
               +--------+--------+--------+--------+--------+-----+--------+
         Total |  10977 |  10502 |    475 |    200 |   8436 |  11 |  997.9 |
       Dungeon |  10896 |  10451 |    445 |    200 |   8387 |  10 | 1089.6 |
        Temple |     81 |     51 |     30 |      0 |     49 |   1 |   81.0 |
               +--------+--------+--------+--------+--------+-----+--------+

Top non-repeatable levels by time:
     D:8: 1523 daAuts
     D:7: 1377 daAuts
     D:9: 1275 daAuts
     D:4: 1239 daAuts
     D:6: 1214 daAuts
     D:5: 1189 daAuts
     D:3: 1010 daAuts
     D:1: 890 daAuts
     D:2: 737 daAuts
    D:10: 438 daAuts
  Temple: 81 daAuts
